 Dungeon Crawl Stone Soup version 0.18.1-48-g4cf74bf (webtiles) character file.

1146 grulito the Fighter (level 8, -5/55 HPs)
             Began as a Gargoyle Fighter on July 2, 2016.
             Was a Follower of Okawaru.
             Killed by divine providence
             ... invoked by an orc priest
              (12 damage)
             ... on level 5 of the Dungeon.
             The game lasted 00:18:30 (3846 turns).

grulito the Fighter (Gargoyle Fighter)              Turns: 3846, Time: 00:18:31

Health: -5/55      AC: 16    Str: 18 (20) XL:     8   Next: 38%
Magic:  7/8        EV:  3    Int:  9 (10) God:    Okawaru [*.....]
Gold:   230        SH:  8    Dex:  8 (10) Spells: 0 memorised, 7 levels left

rFire  . . .     SeeInvis +     a - +0 war axe
rCold  . . .     Gourm    .     g - +0 plate armour
rNeg   + . .     Faith    .     c - +0 shield
rPois  ∞         Spirit   .     (no helmet)
rElec  +         Dismiss  .     (no cloak)
rCorr  .         Reflect  .     (no gloves)
SustAt .         Harm     .     (no boots)
MR     .....                    (no amulet)
Stlth  ..........               (no ring)
                                u - ring of see invisible

@: not resistant to hostile enchantments, extremely unstealthy
A: negative energy resistance 1, electricity resistance, unbreathing,
petrification resistance, rot immunity, AC +5
a: Heroism, Renounce Religion


You were on level 5 of the Dungeon.
You worshipped Okawaru.
Okawaru was aware of your devotion.
You were not hungry.

You visited 2 branches of the dungeon, and saw 6 of its levels.

You collected 230 gold pieces.

Inventory:

Hand Weapons
 a - a +0 war axe (weapon)
 s - a +0 mace
Armour
 b - a +0 scale mail
 c - a +0 shield (worn)
 g - a +0 plate armour (worn)
Jewellery
 u - a ring of see invisible (left hand)
Wands
 x - a wand of iceblast (0/15)
Scrolls
 e - 4 scrolls of remove curse
 h - a scroll of random uselessness {unknown}
 j - a scroll of recharging {unknown}
 k - a scroll of acquirement {unknown}
 m - a scroll of noise {unknown}
 o - a scroll of magic mapping {unknown}
 w - 2 scrolls of enchant weapon
 y - a scroll of amnesia {unknown}
 z - 2 scrolls of immolation {unknown}
Potions
 d - a potion of agility {unknown}
 n - a potion of cancellation
 p - a potion of cure mutation {unknown}
 r - a potion of flight
Comestibles
 f - 3 bread rations
 l - 2 meat rations
 t - 2 slices of pizza
 v - a beef jerky


   Skills:
 * Level 8.4 Fighting
 - Level 6.1 Axes
 - Level 3.2 Armour
 - Level 3.2 Shields
 + Level 0.4 Invocations
 + Level 0.3 Evocations


You had 7 spell levels left.
You didn't know any spells.

Dungeon Overview and Level Annotations

Branches:
Dungeon (5/15)             Temple (1/1) D:4

Altars:
Cheibriados
Dithmenos
Elyvilon
Fedhas
Gozag
Kikubaaqudgha
Nemelex Xobeh
Okawaru
Pakellas
Qazlal
Trog
Xom
Yredelemnul

Shops:
D:4 =


Innate Abilities, Weirdness & Mutations

You are resistant to torment.
Your stone body is resilient (AC +5).
You are immune to poison.
You resist negative energy.
You are resistant to electric shocks.
You can survive without breathing.
You are immune to petrification.
You are immune to rotting.


Message History

The wight is heavily damaged.
You block the killer bee's attack. x2; The wight hits you but does no damage.
The killer bee stings you but does no damage.
You barely miss the killer bee.
Your plate armour prevents you from hitting the wight.
The wight is heavily damaged.
The killer bee completely misses you.
The wight hits you with an enchanted scimitar.
* * * LOW HITPOINT WARNING * * *
The killer bee stings you but does no damage.
You hit the killer bee.
The killer bee is lightly wounded.
You closely miss the wight.
The wight is heavily damaged.
The killer bee barely misses you.
The killer bee stings you but does no damage.
The wight hits you but does no damage.
The orc priest mumbles some strange prayers to Beogh against you.
Beogh smites you!
You die...

#...y......#
##..........#
##..........## #
#..........## #
#.....y.##.# ..
#.......##.####...
..#
##.....)).yy.....#
.
#.......##y#......
#.......##@#.....#
. #.......##z#
#.... .
##.....###o# ....
.... ##...#


#oa ... .... #### ##.. .! ..... #.. ..... ... . ..... ...> ...... .... .......
You could see a worker ant, 3 killer bees, a wight and 2 orc priests.

Vanquished Creatures
  A hippogriff (D:3)
  The ghost of juanjsm the Changer, an amateur OpTm (D:3)
  Edmund (D:4)
  An ice beast (D:5)
  3 ogres (D:5)
  2 scorpions
  2 killer bees (D:5)
  2 wights (D:5)
  3 worker ants
  A hound skeleton (D:4)
  A worker ant zombie (D:3)
  3 adders
  An ooze (D:3)
  A worm (D:3)
  A giant gecko (D:5)
  9 orcs
  8 bats
  4 giant cockroaches
  6 goblins
  2 hobgoblins
  3 jackals (D:4)
  4 kobolds
  2 quokkas (D:4)
  A ball python (D:5)
  2 giant newts (D:2)
  7 rats
72 creatures vanquished.

Notes
Turn   | Place    | Note
--------------------------------------------------------------
     0 | D:1      | grulito the Gargoyle Fighter began the quest for the Orb.
     0 | D:1      | Reached XP level 1. HP: 14/14 MP: 1/1
   240 | D:1      | Reached XP level 2. HP: 19/19 MP: 2/2
   634 | D:2      | Reached XP level 3. HP: 18/23 MP: 3/3
   694 | D:2      | Found a shadowy altar of Dithmenos.
  1345 | D:3      | Noticed a hippogriff
  1353 | D:3      | Killed a hippogriff
  1353 | D:3      | Reached skill level 5 in Axes
  1353 | D:3      | Reached XP level 4. HP: 21/28 MP: 4/4
  1353 | D:3      | Reached XP level 5. HP: 24/32 MP: 5/5
  1552 | D:3      | Noticed juanjsm's ghost (amateur OpTm)
  2232 | D:3      | Killed juanjsm's ghost
  2232 | D:3      | Reached XP level 6. HP: 33/37 MP: 6/6
  2418 | D:4      | Found Uraj's Jewellery Shoppe.
  2567 | D:4      | Found a staircase to the Ecumenical Temple.
  2627 | Temple   | Entered the Ecumenical Temple
  2648 | Temple   | Became a worshipper of Warmaster Okawaru
  2748 | D:4      | Found a sparkling altar of Nemelex Xobeh.
  2790 | D:4      | Reached skill level 4 in Fighting
  2790 | D:4      | Reached XP level 7. HP: 40/44 MP: 7/7
  2829 | D:4      | Noticed Edmund
  2852 | D:4      | Killed Edmund
  2852 | D:4      | Reached skill level 5 in Fighting
  2904 | D:4      | Found a basalt altar of Yredelemnul.
  3205 | D:5      | Entered Level 5 of the Dungeon
  3241 | D:5      | Reached * piety under Okawaru
  3288 | D:5      | Found a stormy altar of Qazlal.
  3352 | D:5      | Reached skill level 6 in Fighting
  3454 | D:5      | Reached skill level 7 in Fighting
  3540 | D:5      | Reached XP level 8. HP: 43/53 MP: 5/8
  3640 | D:5      | Reached skill level 8 in Fighting
  3846 | D:5      | Killed from afar by an orc priest

Skill      XL: |  1  2  3  4  5  6  7  8 |
---------------+-------------------------+-----
Axes           | 2 3 5 6 |  6.1
Fighting       | 4 7 8 |  8.4
Armour         | |  3.2
Shields        | |  3.2
Invocations    | |  0.4
Evocations     | |  0.3

Action                   |  1- 3 |  4- 6 |  7- 9 || total
-------------------------+-------+-------+-------++-------
Melee: War axe           |   146 |   142 |   123 ||   411
Invok: Heroism           |       |       |     3 ||     3
Evoke: Wand              |       |       |     2 ||     2
  Use: Potion            |     1 |     3 |     5 ||     9
       Scroll            |       |     5 |     5 ||    10
  Eat: Royal jelly       |     1 |       |       ||     1
       Bread ration      |       |     1 |     1 ||     2
Armor: Plate armour      |   136 |    77 |    93 ||   306
       Scale mail        |     2 |       |       ||     2
Dodge: Dodged            |    22 |    15 |    20 ||    57
Block: Shield            |   103 |    70 |    96 ||   269
